 Dungeon Crawl Stone Soup version 0.29-a0-1008-g949cc1d0fb (webtiles) character file.

Game seed: 13674645771333139448

36 gelatine the Magician (level 3, -2/24 HPs)
             Began as a Demonspawn Hedge Wizard on Aug 8, 2022.
             Slain by a goblin
             ... wielding a +0 club
             ... led by Robin
              (5 damage)
             ... on level 2 of the Dungeon.
             The game lasted 00:02:43 (2536 turns).

gelatine the Magician (Demonspawn Hedge Wizard)     Turns: 2536, Time: 00:02:44

Health: -2/24      AC:  2    Str: 10    XL:     3   Next: 19%
Magic:  10/17      EV: 12    Int: 17    God:
Gold:   168        SH:  0    Dex: 12    Spells: 8/9 levels left

rFire   . . .      SeeInvis .   a - +0 dagger
rCold   . . .      Faith    .   (no shield)
rNeg    + . .      Spirit   .   b - +0 robe
rPois   .          Reflect  .   c - +0 hat
rElec   .          Harm     .   (no cloak)
rCorr   .          Rampage  .   (no gloves)
Will    .....                   (no boots)
Stlth   ++........              (no amulet)
HPRegen 0.08/turn               n - ring of positive energy
MPRegen 0.15/turn               o - ring of magical power

@: lethally poisoned (-2 -> -4)
A: antennae 1, powered by death 1
a: no special abilities


You were on level 2 of the Dungeon.
You visited 1 branch of the dungeon, and saw 2 of its levels.

You collected 168 gold pieces.

Inventory:

Hand Weapons
 a - a +0 dagger (weapon)
Armour
 b - a +0 robe (worn)
 c - a +0 hat (worn)
Jewellery
 n - a ring of positive energy (left hand)
 o - a ring of magical power (right hand)
Scrolls
 f - a scroll of magic mapping {unknown}
 j - a scroll of poison {unknown}
 k - 3 scrolls of identify {unknown}
 m - a scroll of enchant armour {unknown}
Potions
 d - a potion of magic
 e - a potion of haste {unknown}
 g - 3 potions of degeneration {unknown}
 h - 2 potions of ambrosia {unknown}
 i - 2 potions of mutation {unknown}
 l - a potion of might {unknown}


   Skills:
 + Level 0.1 Fighting
 + Level 0.1 Short Blades
 + Level 2.1 Dodging
 + Level 2.2 Stealth
 + Level 3.5 Spellcasting
 + Level 1.4 Conjurations
 + Level 1.0 Summonings
 + Level 0.8 Translocations


You had 8 spell levels left.
You knew the following spells:

 Your Spells              Type           Power      Damage    Failure   Level
a - Magic Dart            Conj           32%        1d4       9%          1

Your spell library contained the following spells:

 Spells                   Type           Power      Damage    Failure   Level
 Slow                     Hex            12%        N/A       17%         1
 Call Imp                 Summ           6%         N/A       17%         2
 Blink                    Tloc           10%        N/A       19%         2
 Conjure Flame            Conj/Fire      5%         6-21      36%         3
 Mephitic Cloud           Conj/Pois/Air  4%         N/A       38%         3


Dungeon Overview and Level Annotations

Branches:
Dungeon (2/15)

Altars:

Annotations:
D:2 Robin


Innate Abilities, Weirdness & Mutations

You have a pair of small antennae on your head.
You regenerate a little health from kills.


Message History

You kill the goblin!
The magic dart hits the goblin.
The goblin is severely wounded.
A goblin comes into view. It is wielding a +0 dagger.
The goblin hits you with a +0 club. Robin throws the goblin at you!
The goblin misses you.
You closely miss the goblin. The adder bites you but does no damage.
The goblin hits you but does no damage. The goblin closely misses you.
The goblin shouts!
You hit the goblin.
You kill the goblin!
You hear a shout!
The adder barely misses you. x2
A goblin comes into view. It is wielding a +0 club.
A goblin comes into view. It is wielding a +0 dagger.
The goblin completely misses you. The adder attacks as you move away!
The adder barely misses you. The adder bites you but does no damage.
The adder attacks as you move away! The adder bites you but does no damage.
The adder bites you. The adder attacks as you move away! The adder bites you.
You are poisoned.
The adder poisons you!
You feel sick. The adder barely misses you. The adder attacks as you move away!
The adder bites you but does no damage.
You feel sick.
You feel sick. The adder barely misses you. The adder attacks as you move away!
The adder bites you.
You are more poisoned.
The adder poisons you!
You feel sick. The adder bites you. Robin throws the goblin at you!
The adder attacks as you move away! The adder closely misses you.
The goblin attacks as you move away! The goblin hits you with a +0 club.
* * * LOW HITPOINT WARNING * * *
x2 You feel sick.
The goblin no longer looks unusually strong.
* * * LOW HITPOINT WARNING * * *
You feel sick.
The goblin no longer looks unusually strong.
The adder misses you. The goblin hits you with a +0 club.
You die...

#.###.#####.###
#.#.##......#.... ..g
#.#.##........### .g
#.#.##.#....#.### g.
#.#.##.#.####..(. #.
#.#.##.#......... #)
#.#....#.....รท.). #
#)#########.#..........####
#...##>g..gg.SS@.'..........+...
#...........ggg#.#..........#...
#....#########.#.#..........#...
#.. #.#.#..........#... #
#.#.#..........#...
#.#.#.####....##... #.#.#.#
#.)..##... ###...# ####......
##########.#####


You could see 2 adders and 5 goblins.

Vanquished Creatures
  A worm (D:2)
  3 ball pythons
  2 endoplasms (D:1)
  4 hobgoblins
  4 jackals (D:1)
  4 kobolds
  2 bats (D:1)
  A frilled lizard (D:1)
  7 goblins
  2 rats (D:1)
30 creatures vanquished.

Notes
Turn   | Place    | Note
-------+----------+-------------------------------------------
     0 | D:1      | gelatine the Demonspawn Hedge Wizard began the quest for
                  | the Orb.
     0 | D:1      | Reached XP level 1. HP: 13/13 MP: 4/4
   725 | D:1      | Discovered your monstrous ancestry.
   725 | D:1      | Gained mutation: You have a pair of small antennae on your
                  | head. [demonic ancestry]
   725 | D:1      | Reached XP level 2. HP: 19/19 MP: 4/6
  2151 | D:2      | Gained mutation: You regenerate a little health from kills.
                  | [demonic ancestry]
  2151 | D:2      | Reached XP level 3. HP: 10/24 MP: 1/8
  2517 | D:2      | Identified the +2 sling "Wauroq" {vorpal, rPois Str+5
                  | Int-2}
  2520 | D:2      | Noticed Robin
  2536 | D:2      | Slain by a goblin

Illustrated notes

Levels and vault maps discovered:
D:1:      dpeg_arrival_radiant, layout_basic, nrook_mini_backslash, minivault_4,
          hangedman_decor_lopped, wad_floor_pattern_1
D:2:      layout_basic, minmay_misc_feat_tower, uniq_robin

Skill      XL: |  1  2 |
---------------+-------+-----
Stealth        | 2 |  2.2
Dodging        | 2 |  2.1
Fighting       | |  0.1
Short Blades   | |  0.1
Spellcasting   | |  3.5
Conjurations   | |  1.4
Summonings     | |  1.0
Translocations | |  0.8

Action                   || total
-------------------------++-------
Melee: Dagger            ||    54
 Cast: Magic Dart        ||    60
Armor: Robe              ||    15
Dodge: Dodged            ||    41

Table legend: (Time is in decaauts)
 A = Elapsed time spent in this place.
 B = Non-inter-level travel time spent in this place.
 C = Inter-level travel time spent in this place.
 D = Time resting spent in this place.
 E = Time spent auto-exploring this place.
 F = Levels seen in this place.
 G = Mean time per level.
                   A        B        C        D        E       F      G
               +--------+--------+--------+--------+--------+-----+--------+
         Total |   2536 |   2498 |     38 |    219 |   2073 |   2 | 1268.0 |
       Dungeon |   2536 |   2498 |     38 |    219 |   2073 |   2 | 1268.0 |
               +--------+--------+--------+--------+--------+-----+--------+

Top non-repeatable levels by time:
     D:1: 1799 daAuts
     D:2: 736 daAuts
